 Dungeon Crawl Stone Soup version 0.19.1 (webtiles) character file.

766 CanadianGator the Covered (level 8, -1/93 HPs)
             Began as a Formicid Fighter on Dec 2, 2016.
             Slain by a white imp (4 damage)
             ... summoned by Natasha
             ... on level 4 of the Dungeon.
             The game lasted 00:10:06 (2865 turns).

CanadianGator the Covered (Formicid Fighter)        Turns: 2865, Time: 00:10:07

Health: -1/93      AC: 24    Str: 23    XL:     8   Next: 8%
Magic:  10/10      EV:  2    Int:  8    God:
Gold:   269        SH: 10    Dex: 10    Spells: 0 memorised, 7 levels left

rFire  . . .     SeeInvis .     a - +0 long sword
rCold  . . .     Gourm    .     (armour currently unavailable)
rNeg   + + +     Faith    .     c - +0 shield
rPois  +         Spirit   .     (helmet unavailable)
rElec  .         Reflect  .     (cloak currently unavailable)
rCorr  .         Harm     .     (gloves currently unavailable)
MR     .....                    (boots currently unavailable)
Stlth  +.........               (no amulet)
                                i - ring of positive energy
                                o - ring of flight

@: tree-form
A: permanent stasis, dig shafts and tunnels, four strong arms, (antennae 0)
a: no special abilities


You were on level 4 of the Dungeon.
You were not hungry.
You were a tree.
You visited 1 branch of the dungeon, and saw 4 of its levels.

You collected 269 gold pieces.

Inventory:

Hand Weapons
 a - a +0 long sword (weapon)
 m - a +2 vampiric dagger
Armour
 b - a +0 scale mail
 c - a +0 shield (worn)
 k - a +0 plate armour (melded)
 w - a +1 pair of gloves of dexterity (melded)
 x - a +0 pair of boots (melded)
Jewellery
 i - a ring of positive energy (right branch)
 l - an uncursed ring of positive energy
 o - a ring of flight (left branch)
Wands
 d - a wand of hasting (5/9)
 r - a wand of paralysis (11/24)
 y - a wand of slowing (22/48)
Scrolls
 j - 2 scrolls of amnesia {unknown}
 n - 2 scrolls of blinking {unknown}
 p - 2 scrolls of noise {unknown}
 s - a scroll of enchant weapon {unknown}
 v - 4 scrolls of recharging {unknown}
 z - 2 scrolls of teleportation {unknown}
 B - a scroll of random uselessness {unknown}
 C - 2 scrolls of remove curse {unknown}
 D - a scroll of magic mapping {unknown}
Potions
 e - a potion of invisibility
 g - a potion of cancellation
Comestibles
 f - 2 bread rations
 h - 2 meat rations


   Skills:
 + Level 5.0 Fighting
 + Level 4.0 Long Blades
 + Level 5.2 Armour
 + Level 2.7 Dodging
 + Level 5.2 Shields
 + Level 3.1 Evocations


You had 7 spell levels left.
You didn't know any spells.

Dungeon Overview and Level Annotations

Branches:
Dungeon (4/15)
 Temple: D:4-7

Altars:
Kikubaaqudgha
Makhleb
Trog
Uskayaw
Yredelemnul

Shops:
D:4 }

Annotations:
D:4 Grinder, Natasha


Innate Abilities, Weirdness & Mutations

You are under a permanent stasis effect.
You can dig through walls and to a lower floor.
Your four strong arms can wield two-handed weapons with a shield.
((You have a pair of large antennae on your head. (SInv)))


Message History

Grinder hits you but does no damage.
Natasha stares at you and mumbles some strange words.
You easily resist.
The white imp shouts, "Away with thee, thou foppish tip-merry apple-john!"
The white imp hits you but does no damage.
Grinder hits you but does no damage.
Natasha wildly gestures.
Natasha's front paws start to glow.
Natasha stares at you and mumbles some strange words.
You easily resist.
The adder bites you but does no damage.
You miss Natasha.
Natasha is moderately wounded.
The white imp lashes its tail.
You block the white imp's attack. You block the adder's attack.
Grinder hits you but does no damage. Natasha claws you but does no damage.
The white imp grins evilly.
The white imp hits you.
* * * LOW HITPOINT WARNING * * *
The white imp freezes you.
You die...

...#+##........############.#.#.#
......#.......... ..............
......#.........###########.#.#.#
......#...###.....#....†....#....
..........# #.##..#.##...######.#
#########.# #.##..#.##...# #.....
#.###.......##...###...##
#.##.....5###.###..'...')
#.......♣h....######...##
####....5S#...†....#####
###........##.#.####.#
.....................#
..............#.###..#
........#####.#.# # ........#
#)#.# ......... ....# #########
#####


You could see Grinder, Natasha, an adder and a white imp.

Vanquished Creatures
  The ghost of CanadianGator the Ruffian, an amateur MiTm (D:4)
  Sigmund (D:3)
  A sky beast (D:4)
  A howler monkey (D:4)
  Natasha (twice) (D:4)
  An orc wizard (D:4)
  Robin (D:3)
  6 adders
  4 gnolls (D:3)
  A worm (D:2)
  4 dart slugs
  4 leopard geckos
  2 orcs (D:4)
  6 bats
  7 giant cockroaches
  12 goblins
  13 hobgoblins
  9 jackals
  2 quokkas
  A frilled lizard (D:1)
  A jackal skeleton (D:4)
  9 kobolds
  4 rats
93 creatures vanquished.

Notes
Turn   | Place    | Note
-------+----------+-------------------------------------------
     0 | D:1      | CanadianGator the Formicid Fighter began the quest for the Orb.
     0 | D:1      | Reached XP level 1. HP: 18/18 MP: 1/1
   102 | D:1      | Reached XP level 2. HP: 23/24 MP: 2/2
   149 | D:1      | Reached XP level 3. HP: 21/29 MP: 3/3
   494 | D:1      | Reached skill level 1 in Dodging
   736 | D:2      | Found a burning altar of Makhleb.
   751 | D:2      | Found an ancient bone altar of Kikubaaqudgha.
   784 | D:2      | Found a hide-covered altar of Uskayaw.
   812 | D:2      | Reached XP level 4. HP: 33/37 MP: 4/4
  1719 | D:3      | Found a basalt altar of Yredelemnul.
  1826 | D:3      | Noticed Robin
  1829 | D:3      | Reached skill level 1 in Evocations
  1838 | D:3      | Reached XP level 5. HP: 36/42 MP: 5/5
  1856 | D:3      | Killed Robin
  1916 | D:3      | Noticed Sigmund
  1937 | D:3      | Killed Sigmund
  1937 | D:3      | Reached XP level 6. HP: 27/49 MP: 5/7
  2123 | D:4      | Found Sinuhe's Gadget Shop.
  2148 | D:4      | Noticed a sky beast
  2171 | D:4      | Killed a sky beast
  2171 | D:4      | Reached XP level 7. HP: 55/55 MP: 8/8
  2542 | D:4      | Noticed CanadianGator's ghost (amateur MiTm)
  2564 | D:4      | Killed CanadianGator's ghost
  2564 | D:4      | Reached skill level 5 in Fighting
  2564 | D:4      | Reached skill level 5 in Armour
  2564 | D:4      | Reached skill level 5 in Shields
  2641 | D:4      | Reached XP level 8. HP: 62/62 MP: 10/10
  2741 | D:4      | Found a bloodstained altar of Trog.
  2800 | D:4      | Noticed Grinder
  2801 | D:4      | Noticed Natasha
  2810 | D:4      | Killed Natasha
  2813 | D:4      | Noticed Natasha
  2823 | D:4      | Killed Natasha
  2843 | D:4      | Noticed Natasha
  2862 | D:4      | HP: 3/93 [white imp/puff of frost[Natasha] (3)]
  2865 | D:4      | Slain by a white imp

Skill      XL: |  1  2  3  4  5  6  7  8 |
---------------+-------------------------+-----
Dodging        | 1 2 |  2.7
Shields        | 4 5 |  5.2
Armour         | 4 5 |  5.2
Fighting       | 4 5 |  5.0
Evocations     | 1 2 3 |  3.1
Long Blades    | 3 4 |  4.0

Action                   |  1- 3 |  4- 6 |  7- 9 || total
-------------------------+-------+-------+-------++-------
Melee: Long sword        |    94 |   175 |   118 ||   387
  Use: Scroll            |       |     4 |     1 ||     5
       Potion            |       |     3 |     4 ||     7
 Stab: Invisible         |       |       |     1 ||     1
  Eat: Chunk             |       |     4 |     1 ||     5
       Royal jelly       |       |       |     1 ||     1
Armor: Scale mail        |    19 |       |       ||    19
       Plate armour      |    59 |   160 |    65 ||   284
       Skin              |       |       |    39 ||    39
Dodge: Dodged            |    43 |    62 |    32 ||   137
Block: Shield            |    57 |   140 |    61 ||   258
       Rpst.: Long sword |    20 |    16 |    11 ||    47
